AoeStats
← Goku Prime

Four Lakes

509279354Analyzed
1v1 RM · 6d ago on Sep 26, 2026· 47m 29s· 2 players
Game mode
Random Map
Map size
Tiny (2 player)
Population
200
Speed
Normal
Resources
Standard
Victory
Conquest
Starting age
Dark Age
Ending age
Imperial Age
RankedLock teamsTeams togetherTeam positionsShared explorationLock speedFull tech treeHidden civsTurbo modeCheats
Victory
Defeat
🇺🇸 Japanese · United States
1138
+14
🇦🇺 Saxons · Australia
1099
-14
Gingerbread2296
7:41 Loom
10:01 Feudal Age
10:30 Double-Bit Axe
10:07 Man-at-Arms
11:46 Town Watch
17:33 Castle Age
15:36 Gold Mining
15:29 Horse Collar
16:35 Bloodlines
19:05 Bow Saw
20:31 Husbandry
20:48 Scale Barding Armor
23:56 Forging
24:55 Heavy Plow
25:54 Chain Barding Armor
26:27 Long Swordsman
28:48 Scale Mail Armor
29:13 Gambesons
29:53 Squires
30:40 Arson
31:13 Chain Mail Armor
31:54 Wheelbarrow
31:57 Stone Mining
32:44 Town Patrol
32:53 Fishing Lines
37:44 Imperial Age
35:31 Hand Cart
37:11 Gold Shaft Mining
37:17 Iron Casting
37:04 Gillnets
37:53 Two-Handed Swordsman
39:06 Plate Mail Armor
38:59 Conscription
39:58 Blast Furnace
38:54 Fletching
39:27 Champion
Goku Prime
10:07 Feudal Age
11:07 Double-Bit Axe
13:10 Man-at-Arms
13:48 Loom
16:27 Arson
22:50 Castle Age
20:56 Fishing Lines
21:46 Scale Mail Armor
23:08 Pikeman
26:27 Chain Mail Armor
26:23 Forging
26:34 Gold Mining
27:02 Bow Saw
27:56 Wheelbarrow
27:49 Squires
29:28 Stone Mining
31:06 Iron Casting
32:18 Gambesons
32:54 Hand Cart
32:25 Town Watch
41:30 Imperial Age
39:01 Horse Collar
39:25 Long Swordsman
40:00 Fletching
41:06 Gold Shaft Mining
43:00 Two-Handed Swordsman
44:26 Two-Handed Swordsman
45:19 Champion
Connection lost

Rejoining the realm…

Still unreachable

The connection could not be restored.

Session expired

The server has moved on; the page needs a fresh start.